 Dungeon Crawl Stone Soup version 0.15.1-3-g1b33baa (webtiles) character file.

1037 CrazyArbalest the Covered (level 8, 0/54 HPs)
             Began as a Halfling Fighter on Oct 6, 2014.
             Killed from afar by an orc wizard (8 damage)
             ... with a magic dart
             ... on Level 4 of the Dungeon.
             The game lasted 00:25:25 (4022 turns).

CrazyArbalest the Covered (Halfling Fighter)        Turns: 4022, Time: 00:25:25

HP   0/54        AC 10     Str 16      XL: 8   Next: 48%
MP   8/8         EV 10     Int  7      God:
Gold 163         SH  6     Dex 16      Spells:  0 memorised,  7 levels left

rFire  . . .     SeeInvis +     p - +1 dagger (elec)
rCold  . . .     Clarity  .     b - +0 scale mail
rNeg   + . .     rCorr    .     c - +0 buckler
rPois  .         rRot     .     (no helmet)
rElec  .         Spirit   .     z - +0 cloak
SustAb .         Warding  .     (no gloves)
rMut   .         Stasis   .     m - +0 pair of boots
Gourm  .                        (no amulet)
MR     .....                    o - ring of see invisible
                                e - ring of positive energy

@: not resistant to hostile enchantments, extremely unstealthy
A: mutation resistance 1
a: no special abilities


You were on level 4 of the Dungeon.
You were not hungry.

You visited 1 branch of the dungeon, and saw 4 of its levels.

You collected 163 gold pieces.

Inventory:

Hand weapons
 a - a +0 cutlass
 p - a +1 dagger of electrocution (weapon)
 A - a +3 hammer of protection
 C - a +9 club
Missiles
 g - 19 steel sling bullets
 h - 19 sling bullets
 i - 31 bolts
 j - 151 stones (quivered)
 u - 16 poisoned bolts
 v - 14 sling bullets of frost
Armour
 b - a +0 scale mail (worn)
 c - a +0 buckler (worn)
 m - a +0 pair of boots (worn)
 z - a +0 cloak (worn)
Magical devices
 x - a wand of flame (9)
Comestibles
 d - 3 bread rations
 q - a slice of pizza
 B - a chunk of bat flesh
 E - a chunk of iguana flesh
 F - 2 chunks of hobgoblin flesh
Scrolls
 f - a scroll of enchant weapon {unknown}
 k - a scroll of magic mapping {unknown}
 n - 2 scrolls of remove curse {unknown}
 r - 4 scrolls of identify
 s - a scroll of immolation {unknown}
 t - a scroll of fog {unknown}
 y - a scroll of recharging {unknown}
Jewellery
 e - a ring of positive energy (left hand)
 o - a ring of see invisible (right hand)
Potions
 l - a potion of porridge
 w - 2 potions of might
 D - a potion of confusion {unknown}


   Skills:
 + Level 4.5 Fighting
 + Level 5.5 Short Blades
 + Level 6.3 Armour
 + Level 4.6 Dodging
 + Level 0.2 Stealth
 + Level 5.0 Shields


You had 7 spell levels left.
You didn't know any spells.

Dungeon Overview and Level Annotations

Branches:
Dungeon (4/15)
 Temple: D:4-7

Altars:
Xom
Zin


Innate Abilities, Weirdness & Mutations

You are small and have problems with some larger weapons.
You are somewhat resistant to further mutation.


Message History

You hit the orc wizard but do no damage.
The orc wizard is moderately wounded.
The orc wizard gestures at you while chanting.
The puff of flame hits you! The quokka closely misses you.
You barely miss the orc wizard.
The orc wizard is moderately wounded.
The orc wizard closely misses you.
The quokka bites you but does no damage.
You hit the orc wizard but do no damage.
The orc wizard is moderately wounded.
The orc wizard barely misses you. You block the quokka's attack.
You block the orc wizard's attack.
You hit the orc wizard.
The orc wizard is moderately wounded.
The quokka barely misses you. The orc wizard closely misses you.
You hit the orc wizard but do no damage.
The orc wizard is moderately wounded.
The orc wizard gestures at you while chanting.
The magic dart hits you!
You die...

...............
.................
.....#..........
####...#...........
#......#.......... ..
#...............# .
..###.....###.......#...
..........#......o..(....
..........#.....@).......
..........#.#.#.)r.......
......).................
.......%..#.#.#)........
..........#.#.#.........
..........# ..#.###+###
........#.#####.. ...
..#.....#... ..).....
..#.....###....#...... ..


You could see an orc wizard and a quokka.

Vanquished Creatures
  Pikel (D:4)
  A phantom (D:4)
  Sigmund (D:3)
  An orc priest (D:3)
  Crazy Yiuf (D:3)
  A worker ant (D:3)
  An iguana (D:4)
  An orc wizard (D:2)
  Ijyb (D:3)
  Jessica (D:2)
  8 gnolls
  5 adders
  4 worms
  2 giant mites
  3 giant geckos
  An ooze (D:1)
  10 orcs
  5 bats
  3 giant cockroaches
  9 goblins
  4 hobgoblins
  4 jackals (D:3)
  9 kobolds
  2 quokkas
  2 ball pythons
  5 giant newts
  13 rats
99 creatures vanquished.

Notes
Turn   | Place    | Note
--------------------------------------------------------------
     0 | D:1      | CrazyArbalest, the Halfling Fighter, began the quest for the Orb.
     0 | D:1      | Reached XP level 1. HP: 15/15 MP: 1/1
     1 | D:1      | You fall through a shaft!
    17 | D:2      | Reached XP level 2. HP: 17/20 MP: 2/2
   231 | D:1      | Reached XP level 3. HP: 17/26 MP: 3/3
   797 | D:2      | Reached XP level 4. HP: 23/31 MP: 4/4
   813 | D:2      | Reached skill level 1 in Dodging
   826 | D:2      | Reached skill level 4 in Armour
   940 | D:2      | Noticed Jessica
   951 | D:2      | Reached XP level 5. HP: 13/36 MP: 5/5
   954 | D:2      | Killed Jessica
  1867 | D:3      | Found a glowing silver altar of Zin.
  1869 | D:3      | Noticed an angel
  1918 | D:3      | Found a shimmering altar of Xom.
  2070 | D:3      | Noticed Sigmund
  2458 | D:3      | Noticed Ijyb
  2484 | D:2      | Reached XP level 6. HP: 18/42 MP: 6/6
  2717 | D:3      | Killed Sigmund
  3153 | D:3      | Killed Ijyb
  3358 | D:2      | Reached skill level 5 in Armour
  3358 | D:2      | Reached XP level 7. HP: 47/47 MP: 7/7
  3419 | D:3      | Noticed Crazy Yiuf
  3434 | D:3      | Killed Crazy Yiuf
  3822 | D:4      | Noticed Pikel
  3869 | D:4      | Killed Pikel
  3869 | D:4      | Reached skill level 5 in Short Blades
  3869 | D:4      | Reached skill level 6 in Armour
  3869 | D:4      | Reached XP level 8. HP: 37/54 MP: 8/8
  3984 | D:4      | Reached skill level 5 in Shields
  4022 | D:4      | Killed from afar by an orc wizard

Action                   |  1- 3 |  4- 6 |  7- 9 || total
-------------------------+-------+-------+-------++-------
Melee: Cutlass           |   108 |   191 |       ||   299
       Dagger            |       |    71 |    89 ||   160
  Use: Scroll            |       |     2 |       ||     2
       Potion            |       |     2 |       ||     2
  Eat: Chunk             |       |     7 |     2 ||     9
       Pizza             |       |     1 |       ||     1
